 Dungeon Crawl Stone Soup version 0.19-a0-1932-g59670f6 (webtiles) character file.

82 taqueso the Chopper (level 4, -2/35 HPs)
             Began as a Formicid Fighter on Oct 26, 2016.
             Slain by an adder (4 damage)
             ... on level 1 of the Dungeon.
             The game lasted 00:03:57 (1591 turns).

taqueso the Chopper (Formicid Fighter)              Turns: 1591, Time: 00:03:58

Health: -2/35      AC:  6    Str: 19 (20) XL:     4   Next: 70%
Magic:  4/4        EV: 12    Int: 10 (13) God:
Gold:   81         SH:  9    Dex: 13 (16) Spells: 0 memorised, 3 levels left

rFire  + . .     SeeInvis +     a - +0 war axe
rCold  + . .     Gourm    .     b - +0 scale mail
rNeg   . . .     Faith    .     c - +0 shield
rPois  +         Spirit   .     (helmet unavailable)
rElec  +         Reflect  .     (no cloak)
rCorr  +         Harm     .     (no gloves)
MR     .....                    (no boots)
Stlth  ++........               (no amulet)
                                (no ring)
                                m - ring of stealth {Stlth+}

@: brilliant, agile, lethally poisoned (-2 -> -4), resistant
A: permanent stasis, dig shafts and tunnels, four strong arms, antennae 3
a: Dig, Shaft Self


You were on level 1 of the Dungeon.
You were hungry.

You visited 1 branch of the dungeon, and saw 2 of its levels.

You collected 81 gold pieces.

Inventory:

Hand Weapons
 a - a +0 war axe (weapon)
 x - a +2 spear of venom
   (You found it on level 2 of the Dungeon)
Missiles
 l - 36 stones (quivered)
Armour
 b - a +0 scale mail (worn)
 c - a +0 shield (worn)
Jewellery
 m - a ring of stealth (left hand) {Stlth+}
   (You found it on level 1 of the Dungeon)
Scrolls
 k - a scroll of magic mapping {unknown}
 o - 3 scrolls of identify {unknown}
 p - 2 scrolls of remove curse {unknown}
 q - a scroll of teleportation {unknown}
 u - a scroll of blinking {unknown}
 v - a scroll of immolation {unknown}
Potions
 d - 2 potions of might
 e - a potion of flight
 j - a potion of cancellation
 n - a potion of degeneration {!q}
Comestibles
 f - 2 bread rations {@e1}
 g - 5 chunks of flesh {@w0}
 h - a meat ration {@e2}
 t - a slice of pizza


   Skills:
 - Level 3.2 Fighting
 * Level 4.3 Axes
 - Level 3.2 Armour
 + Level 3.9 Shields


You had 3 spell levels left.
You didn't know any spells.

Dungeon Overview and Level Annotations

Branches:
Dungeon (2/15)

Altars:
Fedhas


Innate Abilities, Weirdness & Mutations

You are under a permanent stasis effect.
You can dig through walls and to a lower floor.
Your four strong arms can wield two-handed weapons with a shield.
You have a pair of large antennae on your head. (SInv)


Message History

You hit the worm. The worm bites you!
You take 8 damage, and have 11/35 hp.
MASSIVE DAMAGE!!
Okay, then.
Unknown command.
You block the worm's attack.
There is a stone staircase leading up here.
The adder bites you.
* * * LOW HITPOINT WARNING * * *
You block the adder's attack.
You climb upwards.
A bat comes into view.
There is a stone staircase leading down here.
You take 2 damage, and have 10/35 hp.
You completely miss the adder.
You are feeling hungry.
You block the adder's attack. The bat closely misses you.
You closely miss the adder. You slash the bat!
You kill the bat!
The adder closely misses you. The adder bites you.
* * * LOW HITPOINT WARNING * * *
You are poisoned.
The adder poisons you!
You take 1 damage, and have 9/35 hp.
You closely miss the adder.
You feel sick. The adder bites you.
* * * LOW HITPOINT WARNING * * *
You are lethally poisoned!
The adder poisons you! The adder bites you but does no damage.
You take 2 damage, and have 7/35 hp.
It was a potion of degeneration.
There was something very wrong with that liquid.
You feel weakened.
You feel dopey.
You feel clumsy.
* * * LOW HITPOINT WARNING * * *
You feel sick. The adder bites you.
* * * LOW HITPOINT WARNING * * *
You take 3 damage, and have 4/35 hp.
It was a potion of flight.
You feel very buoyant.
You fly up into the air.
* * * LOW HITPOINT WARNING * * *
You feel sick. The adder closely misses you.
You take 1 damage, and have 3/35 hp.
It was a potion of cancellation.
Your magical effects are unravelling.
You feel magically purged.
You float gracefully downwards.
The adder barely misses you. The adder bites you but does no damage.
It was a potion of cure mutation.
It has a very clean taste.
* * * LOW HITPOINT WARNING * * *
You feel sick. You block the adder's attack.
You take 1 damage, and have 2/35 hp.
It was a potion of brilliance.
You feel clever all of a sudden.
* * * LOW HITPOINT WARNING * * *
You feel sick. You block the adder's attack.
It was a potion of resistance.
You feel protected. The adder barely misses you. You block the adder's attack.
It was a potion of curing.
You feel better. The adder bites you but does no damage.
You regained 8 hp, and now have 10/35 hp.
You slash the adder! You block the adder's attack.
The adder closely misses you.
You barely miss the adder. You block the adder's attack.
You closely miss the adder. You block the adder's attack.
The adder bites you but does no damage.
You miss the adder. You block the adder's attack. x2
You miss the adder. The adder bites you.
* * * LOW HITPOINT WARNING * * *
You are poisoned.
The adder poisons you! The adder bites you but does no damage.
You take 4 damage, and have 6/35 hp.
You barely miss the adder.
You feel sick. You block the adder's attack. The adder bites you.
* * * LOW HITPOINT WARNING * * *
You take 2 damage, and have 4/35 hp.
You miss the adder.
* * * LOW HITPOINT WARNING * * *
You feel sick. The adder barely misses you.
You take 1 damage, and have 3/35 hp.
It was a potion of agility.
You feel agile all of a sudden. You block the adder's attack.
You miss the adder. You block the adder's attack. x2
You closely miss the adder.
* * * LOW HITPOINT WARNING * * *
You feel sick. The adder barely misses you. You block the adder's attack.
You take 1 damage, and have 2/35 hp.
Okay, then.
Unknown command.
You barely miss the adder. The adder bites you but does no damage.
You miss the adder. The adder misses you. You block the adder's attack.
You closely miss the adder.
* * * LOW HITPOINT WARNING * * *
You feel sick. The adder closely misses you.
The adder bites you but does no damage.
You miss the adder. You block the adder's attack.
You closely miss the adder. The adder bites you.
You die...

#.....................>.......
#.####.##.##............#..###
####.####.##.######.########..##
..........##.# #.# #........##
####.####)##.# ##.###.###...... #
#รท# #.##.# #.............## #
#.# #.##.# #.#.....).....# #
#.####.##.#####........####.#
####.##.........@.........####.##
..........##....S.........#......
##.....##.##..######.#...##.##.##
..........##..# #.######.##.#
##............# #.# #.##.#
#.....#####.## #.# #.##.# #.....#
#.# #.# #.##.## ###..### #.#
#.### #.##.#. .....# #.### #...#
#.##.#.


You could see an adder.

Vanquished Creatures
  2 adders (D:2)
  An ooze (D:2)
  A worm (D:2)
  4 dart slugs (D:1)
  3 leopard geckos
  4 goblins (D:1)
  7 hobgoblins
  2 jackals (D:1)
  2 quokkas (D:2)
  A ball python (D:1)
  7 bats
  A frilled lizard (D:1)
  5 kobolds
  6 rats
46 creatures vanquished.

Notes
Turn   | Place    | Note
-------+----------+-------------------------------------------
     0 | D:1      | taqueso the Formicid Fighter began the quest for the Orb.
     0 | D:1      | Reached XP level 1. HP: 18/18 MP: 1/1
    95 | D:1      | Reached XP level 2. HP: 24/24 MP: 2/2
   222 | D:1      | Reached skill level 3 in Axes
   303 | D:1      | Reached XP level 3. HP: 26/29 MP: 3/3
  1245 | D:2      | Reached XP level 4. HP: 35/35 MP: 4/4
  1254 | D:2      | Reached skill level 4 in Axes
  1419 | D:2      | Found a blossoming altar of Fedhas.
  1569 | D:1      | HP: 8/35 [poisoned by an adder]
  1571 | D:1      | HP: 3/35 [poisoned by an adder]
  1581 | D:1      | HP: 6/35 [adder (4)]
  1586 | D:1      | HP: 2/35 [poisoned by an adder]
  1591 | D:1      | Slain by an adder

Vault maps used:
D:1:      sevenhm_arrival_forest_fort_large_2
D:2:      first_bread, minmay_misc_feat_encased, fedhas_altar_1

Skill      XL: |  1  2  3  4 |
---------------+-------------+-----
Axes           | 3 4 |  4.3
Fighting       | |  3.2
Armour         | |  3.2
Shields        | |  3.9

Action                   |  1- 3 |  4- 6 || total
-------------------------+-------+-------++-------
Melee: War axe           |   114 |    45 ||   159
Throw: Stone             |    60 |    36 ||    96
 Abil: Dig               |     1 |       ||     1
  Use: Potion            |       |     8 ||     8
  Eat: Chunk             |     1 |     1 ||     2
Armor: Scale mail        |    47 |    13 ||    60
Dodge: Dodged            |    33 |    16 ||    49
Block: Shield            |    59 |    29 ||    88

Vault maps used:
D:1:      sevenhm_arrival_forest_fort_large_2
D:2:      first_bread, minmay_misc_feat_encased, fedhas_altar_1

Table legend:
 A = Turns spent in this place as a percentage of turns spent in the entire game.
 B = Non-inter-level travel turns spent in this place as a percentage of non-inter-level travel turns spent in the entire game.
 C = Inter-level travel turns spent in this place as a percentage of turns spent in this place.
 D = Turns resting spent in this place as a percentage of non-inter-level travel turns spent in this place.
 E = Turns spent auto-exploring this place as a percentage of non-inter-level travel turns spent in this place.
 F = Non-inter-level travel turns spent in this place divided by the number of levels of this place that you've seen.
                   A       B       C       D       E      F
               +-------+-------+-------+-------+-------+----------------------
         Total | 100.0 | 100.0 |   0.2 |   0.0 |  13.6 | 276.5
       Dungeon | 100.0 | 100.0 |   0.2 |   0.0 |  13.6 | 276.5
               +-------+-------+-------+-------+-------+----------------------

Table legend:
 A = Kills in this place as a percentage of kills in entire the game.
 B = Kills by you in this place as a percentage of kills by you in the entire game.
 C = Kills by friends in this place as a percentage of kills by friends in the entire game.
 D = Other kills in this place as a percentage of other kills in the entire game.
 E = Experience gained in this place as a percentage of experience gained in the entire game.
 F = Experience gained in this place divided by the number of levels of this place that you have seen.
                   A       B       C       D       E      F
               +-------+-------+-------+-------+-------+----------------------
         Total | 100.0 | 100.0 |  -nan |  -nan | 100.0 |  59.0
       Dungeon | 100.0 | 100.0 |  -nan |  -nan | 100.0 |  59.0
               +-------+-------+-------+-------+-------+----------------------
